 Dungeon Crawl Stone Soup version 0.22-a0-565-gfc6459a (webtiles) character file.

2 chorionicmirror the Grave Robber (level 1, -1/13 (14) HPs)
             Began as a Ghoul Necromancer on June 28, 2018.
             Slain by a kobold
             ... wielding a +0 short sword
              (6 damage)
             ... on level 1 of the Dungeon.
             The game lasted 00:03:33 (97 turns).

chorionicmirror the Grave Robber (Ghoul Necromancer)  Turns: 97, Time: 00:03:33

HP:   -1/13 (14)    AC:  2    Str: 11    XL:     1   Next: 40%
MP:   1/2           EV: 12    Int: 10    God:
Gold: 0             SH:  0    Dex:  9    Spells: 1/3 levels left

rFire    . . .     SeeInvis .   (no weapon)
rCold    + . .     Gourm    .   (no shield)
rNeg     + + +     Faith    .   a - +0 robe
rPois    ∞         Spirit   .   (no helmet)
rElec    .         Reflect  .   (no cloak)
rCorr    .         Harm     .   (no gloves)
MR       .....                  (no boots)
Stlth    ++........             (no amulet)
HPRegen  0.00/turn              (no ring)
MPRegen  0.08/turn              (no ring)

@: rotting
A: rotting body, claws 1, carnivore, cold resistance 1, negative energy
resistance 3, inhibited regeneration, torment resistance, unbreathing
a: no special abilities


You were on level 1 of the Dungeon.
You were not hungry.

You visited 1 branch of the dungeon, and saw 1 of its levels.

Inventory:

Missiles
 b - a throwing net (quivered)
Armour
 a - a +0 robe (worn)
Potions
 d - a potion of cancellation {unknown}
Comestibles
 c - a ration


   Skills:
 + Level 0.0 Fighting
 + Level 0.0 Armour
 + Level 1.7 Dodging
 + Level 2.1 Stealth
 + Level 0.0 Unarmed Combat
 + Level 1.7 Spellcasting
 + Level 4.1 Necromancy


You had one spell level left.
You knew the following spells:

 Your Spells              Type           Power        Failure   Level  Hunger
a - Pain                  Necr           #...         6%          1    ##.....
b - Animate Skeleton      Necr           N/A          6%          1    ##.....

Your spell library contained the following spells:

 Spells                   Type           Power        Failure   Level  Hunger
 Animate Dead             Necr           N/A          50%         4    #####..
 Vampiric Draining        Necr           #.........   17%         3    ####...
 Regeneration             Chrm/Necr      #.........   38%         3    ####...


Dungeon Overview and Level Annotations

Branches:
Dungeon (1/15)

Altars:


Innate Abilities, Weirdness & Mutations

Your body is rotting away.
You thrive on raw meat.
You are immune to poison.
You have sharp fingernails.
You are carnivorous and can eat meat at any time.
Your flesh is cold resistant. (rC+)
You are immune to negative energy. (rN+++)
You do not regenerate when monsters are visible.
You are immune to unholy pain and torment.
You can survive without breathing.


Message History

The kobold hits you with a short sword.
You barely miss the kobold.
The kobold is severely wounded.
The kobold hits you with a short sword.
You scratch the kobold but do no damage.
The kobold is severely wounded.
The kobold barely misses you.
You completely miss the kobold.
The kobold is severely wounded.
The kobold hits you with a short sword.
You scratch the kobold but do no damage.
The kobold is severely wounded.
The kobold closely misses you.
You miss the kobold.
The kobold is severely wounded.
The kobold closely misses you.
You scratch the kobold but do no damage.
The kobold is severely wounded.
The kobold hits you with a short sword.
You die...

#....# #....#
#....# ....#
...## ... #K#
#@########
##'......##
#........#
#...##...# .
#..####..##..#
#..####..##..##
#...##...##...##.
#...............
##.............


You could see a kobold.

Vanquished Creatures
  A dart slug (D:1)
1 creature vanquished.

Notes
Turn   | Place    | Note
-------+----------+-------------------------------------------
     0 | D:1      | chorionicmirror the Ghoul Necromancer began the quest for the Orb.
     0 | D:1      | Reached XP level 1. HP: 14/14 MP: 2/2
    36 | D:1      | Learned a level 1 spell: Animate Skeleton
    97 | D:1      | Slain by a kobold

Vault maps used:
D:1:      minmay_arrival_four_loops, st_stairs_13

Action                   || total
-------------------------++-------
Melee: Unarmed           ||    11
 Cast: Pain              ||     3
Armor: Robe              ||     1
Dodge: Dodged            ||     4

Table legend:
 A = Spawn XP
 B = Non-spawn XP
 C = Spawn XP percentage of total XP
 D = Spawn monster count
 E = Non-spawn monster count
 F = Spawn count percentage of total count
 G = Total turns spent on level
                    A         B        C        D         E        F      G
               +---------+---------+-------+---------+---------+-------+---------
         Total |       0 |       4 |   0.0 |       0 |       1 |   0.0 |    97
               +---------+---------+-------+---------+---------+-------+---------
           D:1 |       0 |       4 |   0.0 |       0 |       1 |   0.0 |    97
               +---------+---------+-------+---------+---------+-------+---------
